 Dungeon Sprint DCSS version 0.27-a0-1119-gbf574a6a6b (webtiles) character file.

Game seed: 11103291673541575354

159 mhtbhm the Arsonist (level 5, 0/28 HPs)
             Began as a Deep Elf Fire Elementalist on May 2, 2021.
             Slain by an ice devil (11 damage)
             ... summoned by a kobold demonologist
             ... in the Dungeon (Sprint III: "The Ten Rune Challenge").
             The game lasted 00:02:01 (615 turns).

mhtbhm the Arsonist (Deep Elf Fire Elementalist)     Turns: 615, Time: 00:02:02

Health: 0/28       AC:  2    Str:  5    XL:     5   Next: 17%
Magic:  9/17       EV: 14    Int: 21    God:
Gold:   43         SH:  0    Dex: 15    Spells: 8/19 levels left

rFire    . . .     SeeInvis .   (no weapon)
rCold    . . .     Faith    .   (no shield)
rNeg     . . .     Spirit   .   a - +0 robe
rPois    .         Reflect  .   (no helmet)
rElec    .         Harm     .   (no cloak)
rCorr    .         Rampage  .   (no gloves)
Will     .....     NoTele   +   (no boots)
Stlth    ++........             (no amulet)
HPRegen  0.09/turn              (no ring)
MPRegen  0.15/turn              (no ring)

@: no status effects
A: no striking features
a: no special abilities


You were in the Dungeon.
You visited 1 branch You collected 43 gold pieces.

Inventory:

Armour
 a - a +0 robe (worn)
Scrolls
 b - 2 scrolls of immolation {unknown}
 d - a scroll of identify {unknown}
 i - a scroll of torment {unknown}
Potions
 c - a potion of curing
 f - 2 potions of magic
 g - a potion of berserk rage
 j - 2 potions of flight
 k - 5 potions of mutation


   Skills:
 - Level 0.1 Fighting
 + Level 5.0 Dodging
 - Level 3.1 Stealth
 + Level 7.5 Spellcasting
 + Level 4.3 Conjurations
 + Level 8.4 Fire Magic


You had 8 spell levels left.
You knew the following spells:

 Your Spells              Type           Power      Damage    Failure   Level
a - Foxfire               Conj/Fire      100%       2x1d9     1%          1
b - Conjure Flame         Conj/Fire      34%        6-21      1%          3
c - Inner Flame           Hex/Fire       25%        N/A       4%          3
d - Sticky Flame          Conj/Fire      34%        2d5       6%          4

Your spell library contained the following spells:

 Spells                   Type           Power      Damage    Failure   Level
 Fireball                 Conj/Fire      17%        3d9       17%         5


Dungeon Overview and Level Annotations

Branches:
Dungeon (1/1)

Altars:
Kikubaaqudgha
Sif Muna
Vehumet


Message History

The kobold demonologist gestures wildly while chanting.
Unknown command.
You aren't carrying any items that you can evoke.
Unknown command.
Blink to where?
Press: ? - help, Dir - move target
As you read the scroll of blinking, it crumbles to dust.
Unknown command.
You aren't carrying any items that you can evoke.
Unknown command.
This spell is potentially lethal to cast!
Memorise Fireball, consuming 5 spell levels and leaving 3?
You start memorising the spell.
You continue memorising. x5
The smoke demon gestures at you. Something smites you!
Your memorisation is interrupted.
Unknown command.
Unknown command.
Casting: Foxfire (safe; 1% risk of failure)
Confirm with . or Enter, or press ? or * to list all spells.
You don't know that spell.
Unknown command.
The kobold demonologist mumbles some strange words.
You feel much better. The ice devil hits you. The ice devil freezes you!
Unknown command.
Casting: Foxfire (safe; 1% risk of failure)
Confirm with . or Enter, or press ? or * to list all spells.
The spell is quite dangerous to cast (6% risk of failure)!
Continue anyway?
Okay, then.
Unknown command.
Casting: Sticky Flame (quite dangerous; 6% risk of failure)
Confirm with . or Enter, or press ? or * to list all spells.
The spell is quite dangerous to cast (6% risk of failure)!
Continue anyway?
Aiming: Sticky Flame (quite dangerous; 6% risk of failure)
Press: ? - help, Shift-Dir - straight line, f - ice devil
Aim: an ice devil (lightly wounded, summoned, 100% to hit)
The sticky flame hits the ice devil!
The ice devil is burned terribly!
The ice devil is moderately wounded.
The ice devil is covered in liquid flames!
The ice devil burns!
The ice devil hits you!
You die...

▓...#..†...#####..#
▓..##.......#..#..#
▓##.##.##...#..#.5###+#+###
##.##.###..##'#..#........
▓#.####.##..###...K.§......
▓.###..##..####3..#...#####
▓#.....##..###....#.⌠3#
###..##...##.....#...#
##..##...@#.4....#K###
#..###..##4#.....#.: #..#
#.. ####....#___ ▓▓▓▓ ▓▓▓
▓▓▓▓▓▓▓▓▓▓


You could see an ice devil (summoned, burning).

Vanquished Creatures
  A scorpion (D)
  A water elemental (D)
  A wizard (D)
  A human (D)
  An endoplasm (D)
  3 rats (D)
8 creatures vanquished.

Vanquished Creatures (others)
  50 foxfires (D)
50 creatures vanquished.

Grand Total: 58 creatures vanquished

Notes
Turn   | Place    | Note
-------+----------+-------------------------------------------
     0 | D        | mhtbhm the Deep Elf Fire Elementalist began the quest for
                  | the Orb.
     0 | D        | Reached XP level 1. HP: 10/10 MP: 6/6
    81 | D        | Reached skill level 4 in Fire Magic
   212 | D        | Reached skill level 5 in Fire Magic
   212 | D        | Reached XP level 2. HP: 15/15 MP: 0/9
   318 | D        | Noticed a scorpion
   331 | D        | Killed a scorpion
   332 | D        | Reached skill level 7 in Fire Magic
   332 | D        | Reached XP level 3. HP: 7/19 MP: 3/12
   332 | D        | Reached XP level 4. HP: 9/24 MP: 3/14
   336 | D        | Learned a level 3 spell: Conjure Flame
   340 | D        | Learned a level 3 spell: Inner Flame
   345 | D        | Learned a level 4 spell: Sticky Flame
   544 | D        | Noticed a water elemental
   549 | D        | Killed a water elemental
   550 | D        | Reached skill level 8 in Fire Magic
   594 | D        | Found a radiant altar of Vehumet.
   596 | D        | Found a shimmering blue altar of Sif Muna.
   596 | D        | Found an ancient bone altar of Kikubaaqudgha.
   596 | D        | Noticed a wizard
   599 | D        | Noticed an ice devil
   600 | D        | Killed a wizard
   601 | D        | Reached skill level 5 in Dodging
   601 | D        | Reached XP level 5. HP: 22/28 MP: 13/17
   605 | D        | Noticed a smoke demon
   615 | D        | Slain by an ice devil

Illustrated notes

Levels and vault maps discovered:
D:        dungeon_sprint_mu [sprint_mu_entry_cave, sprint_mu_temple_rooms,
          sprint_mu_d1_horrors, sprint_mu_d2_genie, sprint_mu_d3_branching,
          sprint_mu_orc_legion, sprint_mu_elf_gauntlet, sprint_mu_hive_nellie,
          sprint_mu_lair_fedhas, sprint_mu_vaults_butterflies,
          sprint_mu_slime_circle, sprint_mu_shoals_kraken,
          sprint_mu_snake_twists, sprint_mu_blade_basic,
          sprint_mu_crypt_fortress, sprint_mu_tomb_spiral,
          sprint_mu_vestibule_basic, sprint_mu_gehenna_hellfire,
          sprint_mu_dis_giant, sprint_mu_tartarus_statrot,
          sprint_mu_cocytus_islands, sprint_mu_zot1]

Skill      XL: |  1  2  3  4 |
---------------+-------------+-----
Fire Magic     | 5 7 8 |  8.4
Dodging        | 3 4 5 |  5.0
Stealth        | 3 |  3.1
Spellcasting   | 4 6 7 |  7.5
Conjurations   | 3 4 |  4.3
Fighting       | |  0.1

Action                   |  1- 3 |  4- 6 || total
-------------------------+-------+-------++-------
 Cast: Foxfire           |    23 |    10 ||    33
       Sticky Flame      |       |     1 ||     1
  Use: Potion            |     2 |     1 ||     3
       Scroll            |       |     1 ||     1
Armor: Robe              |     1 |       ||     1
Dodge: Dodged            |     5 |     1 ||     6

Table legend: (Time is in decaauts)
 A = Elapsed time spent in this place.
 B = Non-inter-level travel time spent in this place.
 C = Inter-level travel time spent in this place.
 D = Time resting spent in this place.
 E = Time spent auto-exploring this place.
 F = Levels seen in this place.
 G = Mean time per level.
                   A        B        C        D        E       F      G
               +--------+--------+--------+--------+--------+-----+--------+
         Total |    596 |    596 |      0 |    414 |     14 |   1 |  596.0 |
       Dungeon |    596 |    596 |      0 |    414 |     14 |   1 |  596.0 |
               +--------+--------+--------+--------+--------+-----+--------+

Top non-repeatable levels by time:
       D: 596 daAuts
